 Dungeon Crawl Stone Soup version 0.17-a0-1404-gb8113a6 (webtiles) character file.

144 wvc the Cutter (level 5, 0/26 HPs)
             Began as a Vine Stalker Artificer on June 21, 2015.
             Slain by an orc (1 damage)
             ... on level 3 of the Dungeon.
             The game lasted 00:03:38 (1714 turns).

wvc the Cutter (Vine Stalker Artificer)             Turns: 1714, Time: 00:03:38

Health: 0/26       AC:  3    Str: 13    XL:     5   Next: 26%
Magic:  0/8        EV: 12    Int: 12    God:
Gold:   98         SH:  0    Dex: 16    Spells: 0 memorised, 4 levels left

rFire  + . .     SeeInvis .     a - +0 short sword
rCold  x . .     Clarity  .     b - +0 leather armour
rNeg   . . .     SustAt   .     (no shield)
rPois  .         Gourm    .     (no helmet)
rElec  .         Spirit   +     (no cloak)
rCorr  .         Warding  .     (no gloves)
rMut   .         Stasis   .     (no boots)
MR     .....                    (no amulet)
Stlth  ++........               (no ring)
                                l - ring of fire

@: not resistant to hostile enchantments, unstealthy
A: fangs 2, regeneration 1, magic shield, antimagic bite, no device heal 3, rot
immunity
a: no special abilities


You were on level 3 of the Dungeon.
You were not hungry.

You visited 1 branch of the dungeon, and saw 3 of its levels.

You collected 98 gold pieces.

Inventory:

Hand weapons
 a - a +0 short sword (weapon)
Missiles
 i - 22 poisoned needles
Armour
 b - a +0 leather armour (worn)
Jewellery
 l - a ring of fire (left hand)
Magical devices
 c - a wand of flame (11)
 d - a wand of enslavement (14)
 e - a wand of random effects (15)
 m - a wand of polymorph (13)
Scrolls
 h - 3 scrolls of identify
Potions
 j - 3 potions of curing
 k - a potion of mutation {unknown}
 o - a potion of agility {unknown}
Books
 n - a book of Alchemy

   Spells                             Type                      Level
   a - Sublimation of Blood           Necromancy                   2
   b - Ignite Poison                  Fire/Transmutation/Poison    3
   c - Alistair's Intoxication        Transmutation/Poison         4
   d - Condensation Shield            Ice                          4
   e - Petrify                        Transmutation/Earth          4
   f - Irradiate                      Conjuration/Transmutation    5
Comestibles
 f - 3 bread rations
 g - 6 chunks of flesh


   Skills:
 - Level 1.6 Fighting
 * Level 3.3 Short Blades
 - Level 1.4 Armour
 - Level 1.5 Dodging
 + Level 2.1 Stealth
 - Level 2.6 Evocations


You had 4 spell levels left.
You didn't know any spells.

Dungeon Overview and Level Annotations

Branches:
Dungeon (3/15)

Altars:


Innate Abilities, Weirdness & Mutations

You have extremely sharp teeth.
Your natural rate of healing is unusually fast.
When hurt, damage is shared between your health and your magic reserves.
Your bite disrupts and absorbs the magic of your enemies.
Potions and wands cannot restore your health.
You are immune to rotting.


Message History

The orc wizard hits you with a dagger.
You hit the orc wizard. Your bite misses the orc wizard.
The orc wizard is almost dead.
The orc wizard is no longer moving quickly.
The orc wizard casts a spell at you. The magic dart hits you!
* * * LOW HITPOINT WARNING * * *
The orc wizard hits you with a dagger.
* * * LOW HITPOINT WARNING * * *
You hit the orc wizard.
You kill the orc wizard!
Your Short Blades skill increases to level 3!
You have reached level 5!
You barely miss the orc.
The orc is heavily wounded.
The orc hits you.
You hit the orc. Your bite misses the orc.
The orc is severely wounded.
The orc hits you.
You die...

#.# #.# #..#
###.#######.###..#
.........))......#
##.#########.##.##
#.#.........##.#
#.#.##########..
#.......... ....
#.#.###################
#.#..........))@o......
#.#.###################
#####


You could see an orc.

Vanquished Creatures
  A hound (D:3)
  An orc wizard (D:3)
  An adder (D:2)
  2 gnolls (D:2)
  2 worms (D:2)
  A giant gecko (D:2)
  7 orcs (D:3)
  3 bats
  2 giant cockroaches (D:1)
  4 goblins
  4 hobgoblins (D:2)
  A kobold (D:2)
  2 quokkas (D:2)
  3 ball pythons
  2 jackals (D:2)
  2 rats (D:2)
38 creatures vanquished.

Vanquished Creatures (others)
  A gnoll (D:2)
1 creature vanquished.

Grand Total: 39 creatures vanquished

Notes
Turn   | Place    | Note
--------------------------------------------------------------
     0 | D:1      | wvc the Vine Stalker Artificer began the quest for the Orb.
     0 | D:1      | Reached XP level 1. HP: 9/9 MP: 3/3
     8 | D:1      | Reached skill level 1 in Short Blades
   278 | D:1      | Reached skill level 1 in Fighting
   278 | D:1      | Reached XP level 2. HP: 11/14 MP: 5/5
   833 | D:2      | Reached XP level 3. HP: 7/18 MP: 3/6
  1335 | D:2      | Reached XP level 4. HP: 19/22 MP: 7/7
  1549 | D:3      | Reached skill level 1 in Armour
  1711 | D:3      | HP: 1/23 [orc wizard/dagger (2)]
  1712 | D:3      | Reached skill level 3 in Short Blades
  1712 | D:3      | Reached XP level 5. HP: 1/26 MP: 1/8
  1714 | D:3      | Slain by an orc

Vault maps used:
D:1:      mrwooster_arrival_statue_3
D:2:      minmay_misc_feat_plants
D:3:      first_bread, uniq_grinder

Action                   |  1- 3 |  4- 6 || total
-------------------------+-------+-------++-------
Melee: Short sword       |    93 |    84 ||   177
Evoke: Wand              |     1 |     4 ||     5
  Use: Scroll            |     2 |     2 ||     4
  Eat: Chunk             |     1 |       ||     1
       Meat ration       |       |     1 ||     1
